 Dungeon Crawl Stone Soup version 0.31.0-11-ge490571c62 (webtiles) character file.

Game seed: 15668742277425413475

2146 dialectric the Basher (level 9, 0/78 HPs)
             Began as a Minotaur Fighter on Feb 1, 2024.
             Slain by a hornet (7 damage)
             ... while paralysed by a hornet
             ... on level 7 of the Dungeon.
             The game lasted 00:05:42 (4482 turns).

dialectric the Basher (Minotaur Fighter)            Turns: 4482, Time: 00:05:42

Health: 0/78       AC: 10    Str: 23    XL:     9   Next: 9%
Magic:  0/8        EV:  2    Int:  5    God:
Gold:   298        SH:  0    Dex: 12    Spells: 8/8 levels left

rFire   . . .        z - +1 dire flail (protect)
rCold   . . .        (shield currently unavailable)
rNeg    . . .        y - +4 ring mail of the Old and Reckless {Will+ Slay+2}
rPois   .            (helmet restricted)
rElec   .            (no cloak)
rCorr   .            (no gloves)
SInv    .            (no boots)
Will    +....        n - amulet of guardian spirit
Stlth   +            (no ring)
HPRegen 0.33/turn    (no ring)
MPRegen 0.11/turn

%: guardian spirit
@: paralysed, lethally poisoned (0 -> -19), slowed
A: horns 2, retaliatory headbutt
a: no special abilities


You were on level 7 of the Dungeon.
You visited 1 branch of the dungeon, and saw 7 of its levels.

You collected 298 gold pieces.

Inventory:

Hand Weapons
 a - a +0 flail
 z - a +1 dire flail of protection (weapon)
Missiles
 g - a poisoned dart (quivered)
 k - 2 javelins
Armour
 b - a +0 scale mail
 c - a +0 buckler
 y - the +4 ring mail of the Old and Reckless (worn) {Will+ Slay+2}
   (You found it on level 6 of the Dungeon)

   Slay+2:    It affects your accuracy & damage with ranged weapons and melee
   (+2).
   Will+:     It increases your willpower.
Jewellery
 n - an amulet of guardian spirit (around neck)
 t - a +4 ring of protection
 A - a ring of see invisible
Wands
 x - a wand of flame (7)
 C - a wand of quicksilver (9)
Scrolls
 e - 2 scrolls of revelation {unknown}
 i - a scroll of amnesia {unknown}
 l - 4 scrolls of blinking {unknown}
 m - a scroll of vulnerability {unknown}
 o - a scroll of torment {unknown}
 p - 3 scrolls of enchant armour {unknown}
 r - a scroll of fog {unknown}
 u - a scroll of teleportation {unknown}
 v - a scroll of fear {unknown}
 w - 2 scrolls of enchant weapon {unknown}
Potions
 d - 2 potions of might
 f - a potion of heal wounds {unknown}
 h - 2 potions of attraction
 j - 5 potions of curing
 q - a potion of lignification
 s - 2 potions of brilliance
 B - a potion of mutation {unknown}


   Skills:
 + Level 6.8 Fighting
 + Level 9.7 Maces & Flails
 + Level 0.6 Throwing
 + Level 8.5 Armour
 - Level 4.0 Dodging
 - Level 1.0 Stealth
 - Level 3.6 Shields


You had 8 spell levels left.
You didn't know any spells.
Your spell library contained the following spells:

 Spells                   Type           Power      Damage    Failure   Level
 Kiss of Death            Conj/Necr      0%         2d5       61%         1
 Blink                    Tloc           0%         N/A       75%         2
 Lesser Beckoning         Tloc           0%         N/A       75%         2
 Momentum Strike          Conj/Tloc      0%         3d8       75%         2
 Confusing Touch          Hex            0%         N/A       93%         3
 Frozen Ramparts          Ice            0%         1d1       93%         3
 Ozocubu's Armour         Ice            0%         N/A       93%         3
 Summon Ice Beast         Ice/Summ       0%         N/A       93%         3
 Dispel Undead            Necr           0%         3d6       100%        4
 Leda's Liquefaction      Alch/Erth      0%         N/A       100%        4
 Petrify                  Alch/Erth      0%         N/A       100%        4
 Metabolic Englaciation   Hex/Ice        0%         N/A       100%        5
 Summon Mana Viper        Hex/Summ       0%         N/A       100%        5
 Sculpt Simulacrum        Ice/Alch       0%         N/A       100%        6
 Monstrous Menagerie      Summ           0%         N/A       100%        7


Dungeon Overview and Level Annotations

Branches:
Dungeon (7/15)             Temple (0/1) D:4

Altars:
Dithmenos
Vehumet
Wu Jian
Yredelemnul

Shops:
D:2 =   D:3 :((   D:4 =

Annotations:
D:4 2 transporters
D:5 2 transporters


Innate Abilities, Weirdness & Mutations

You have a pair of horns on your head.
You reflexively headbutt those who attack you in melee.


Message History

You feel very sick. The hornet stings you.
You feel as though you will be slow longer.
The hornet stings you but does no damage.
You closely miss the hornet. Your headbutt misses the hornet.
The hornet is heavily wounded.
You feel sick. The hornet stings you.
You feel as though you will be slow longer.
The hornet barely misses you.
You hit the hornet.
The hornet is heavily wounded.
You feel sick. The hornet stings you.
You feel as though you will be slow longer.
The hornet closely misses you.
Unknown command.
You closely miss the hornet.
You headbutt the hornet, but do no damage.
The hornet is heavily wounded.
You feel sick. The hornet stings you.
You are more poisoned.
You feel as though you will be slow longer.
Unknown command.
You barely miss the hornet. Your headbutt misses the hornet.
The hornet is heavily wounded.
You feel very sick. The hornet stings you.
You suddenly lose the ability to move!
The hornet stings you!
You are more poisoned.
You feel as though you will be slow longer.
You feel very sick. The hornet stings you!
* * * LOW HITPOINT WARNING * * *
You shrug off the repeated paralysis!
The hornet stings you.
* * * LOW HITPOINT WARNING * * *
You are more poisoned.
You feel as though you will be slow longer.
* * * LOW HITPOINT WARNING * * *
You feel very sick. The hornet stings you!
You die...

≈..............≈#........#
§.≈..≈....≈..≈.≈###.####.#
≈..............§ #.# #.#
≈.§............§ #.# #.#
§.≈..≈....≈..≈.≈ #.## #<#
§§§.......§....§ #..# #.#
§§§≈≈≈≈..§§≈≈≈§§####.# #.#
#######'y########.##.###.#
#..@....#...........
####....#...##.###.#
#...............#
##...######.##### ##.##
#.# #.# ###.##### #.#
#........ #.# #.#.#####
#.# #.#.#


You could see a hornet.

Vanquished Creatures
  Edmund (D:6)
  Menkaure (D:6)
  2 ice beasts
  A sky beast (D:7)
  2 black bears (D:6)
  2 ogres
  A centaur (D:6)
  4 phantoms
  Blork the orc (D:6)
  A bullfrog (D:7)
  3 scorpions
  A howler monkey (D:5)
  A bombardier beetle (D:3)
  An orc priest (D:5)
  A hound (D:6)
  5 jellies
  5 iguanas
  A sleepcap (D:5)
  An orc wizard (D:6)
  6 adders
  2 white imps
  3 dart slugs
  A ribbon worm (D:3)
  8 orcs
  6 ball pythons
  6 bats
  4 endoplasms
  2 giant cockroaches (D:1)
  5 goblins
  7 hobgoblins
  5 quokkas
  7 frilled lizards
  10 kobolds
  10 rats
117 creatures vanquished.

Notes
Turn   | Place    | Note
-------+----------+-------------------------------------------
     0 | D:1      | dialectric the Minotaur Fighter began the quest for the
                  | Orb.
     0 | D:1      | Reached XP level 1. HP: 19/19 MP: 0/0
   165 | D:1      | Reached skill level 1 in Dodging
   165 | D:1      | Reached XP level 2. HP: 26/27 MP: 1/1
   498 | D:2      | Reached XP level 3. HP: 27/33 MP: 2/2
   516 | D:2      | Reached skill level 3 in Maces & Flails
   764 | D:2      | Found Imnec's Jewellery Shoppe.
   965 | D:2      | Found a faded altar of an unknown god.
  1106 | D:3      | Reached XP level 4. HP: 40/40 MP: 3/3
  1141 | D:3      | Found Ivoloq's Weapon Shop.
  1175 | D:3      | Found Wyolugg's Book Boutique.
  1299 | D:3      | Reached skill level 4 in Maces & Flails
  1337 | D:3      | Noticed an ice beast
  1345 | D:3      | Killed an ice beast
  1346 | D:3      | Reached XP level 5. HP: 46/46 MP: 4/4
  1375 | D:3      | Reached skill level 5 in Maces & Flails
  1493 | D:3      | Found Mogaer's Weapon Emporium.
  1800 | D:4      | Reached XP level 6. HP: 40/53 MP: 1/5
  1854 | D:4      | Found a staircase to the Ecumenical Temple.
  1870 | D:4      | Reached skill level 5 in Armour
  2137 | D:4      | Reached skill level 6 in Maces & Flails
  2161 | D:4      | Found a transporter.
  2161 | D:4      | Found Lemituikk's Jewellery Emporium.
  2314 | D:4      | Found a transporter.
  2365 | D:5      | Entered Level 5 of the Dungeon
  2446 | D:5      | Noticed an ice beast
  2451 | D:5      | Reached XP level 7. HP: 56/60 MP: 4/6
  2635 | D:5      | Reached skill level 7 in Maces & Flails
  2670 | D:5      | Reached skill level 5 in Fighting
  3144 | D:5      | Found a radiant altar of Vehumet.
  3146 | D:5      | Found a shadowy altar of Dithmenos.
  3146 | D:5      | Noticed a wraith
  3146 | D:5      | Noticed a yak
  3149 | D:5      | Found a transporter.
  3162 | D:5      | Found a transporter.
  3333 | D:6      | Reached XP level 8. HP: 52/68 MP: 3/7
  3408 | D:6      | Reached skill level 8 in Maces & Flails
  3644 | D:6      | Identified the +4 ring mail of the Old and Reckless {Will+
                  | Slay+2}
  3675 | D:6      | Noticed Edmund
  3694 | D:6      | Killed Edmund
  3943 | D:6      | Found a basalt altar of Yredelemnul.
  3958 | D:6      | Reached skill level 1 in Stealth
  4002 | D:6      | Noticed Blork the orc
  4004 | D:6      | Reached skill level 9 in Maces & Flails
  4010 | D:6      | Killed Blork the orc
  4025 | D:6      | Noticed Menkaure
  4030 | D:6      | Killed Menkaure
  4247 | D:6      | Reached XP level 9. HP: 78/78 MP: 8/8
  4363 | D:6      | Found an ornate altar of the Wu Jian Council.
  4475 | D:7      | Paralysed by a hornet for 1 turns
  4480 | D:7      | Paralysed by a hornet for 3 turns
  4482 | D:7      | Slain by a hornet

Illustrated notes

Levels and vault maps discovered:
D:1:      saegor_arrival_simple_a, layout_basic, minmay_box_of_dots
D:2:      layout_basic, dreamdust_ecumenical_altar_statues, serial_shops,
          nicolae_shop_crystal
D:3:      layout_basic, serial_shops, nicolae_shop_behind_doors,
          nicolae_shop_back_alley_shop, nicolae_shop_pleasant_corner_grove
D:4:      layout_rooms, minmay_temple_entry_offerings, serial_shops,
          nicolae_shop_drivethru
D:5:      layout_gridville, gammafunk_temple_overflow_arena,
          minmay_misc_feat_roman
D:6:      minmay_spotlight, layout_basic, mainiacjoe_overflow_catch_the_wave,
          uniq_edmund, uniq_menkaure, uniq_blork_the_orc
D:7:      layout_loops_ring, kennysheep_dice

Skill      XL: |  1  2  3  4  5  6  7  8 |
---------------+-------------------------+-----
Dodging        | 1 2 3 4 |  4.0
Armour         | 4 5 6 8 |  8.5
Maces & Flails | 3 4 5 6 7 9 |  9.7
Fighting       | 4 5 6 |  6.8
Stealth        | 1 |  1.0
Throwing       | |  0.6
Shields        | |  3.6

Action                     |  1- 3 |  4- 6 |  7- 9 || total
---------------------------+-------+-------+-------++-------
  Melee: Flail             |    91 |    93 |   111 ||   295
         Headbutt          |    11 |    27 |    32 ||    70
         Punch             |     2 |     1 |     2 ||     5
         Dire flail        |       |       |    41 ||    41
  Throw: Dart              |     2 |       |       ||     2
    Use: Scroll            |       |       |     4 ||     4
         Potion            |       |       |     2 ||     2
 Armour: Scale mail        |    64 |    60 |    72 ||   196
         Skin              |       |       |    14 ||    14
         Ring mail         |       |       |    45 ||    45
  Dodge: Dodged            |    70 |    52 |    74 ||   196
